SNL (28 & UNDER)
WICHITA WRANGLERS @ SANTA FE DIABLOS
07/01/2028
 
TOP OF THE 1ST
Wichita Wranglers batting - Pitching for Santa Fe Diablos : LHP Dan O'Brien
Pitching: LHP Dan O'Brien
Batting: RHB Gabriel Erwin 0-0: Ball
1-0: Foul Ball, location: 2F
1-1: Fly out, F9 (Flyball, 89M)
Batting: SHB José López 0-0: Foul Ball, location: 2F
0-1: Foul Ball, location: 2F
0-2: Ball
1-2: Fly out, F3 (Popup, 3L)
Batting: RHB Hubert MacDonald 0-0: Ball
1-0: Foul Ball, location: 2F
1-1: Ball
2-1: Ball
3-1: Called Strike
3-2: Strikes out looking
Top of the 1st over - 0 run(s), 0 hit(s), 0 error(s), 0 left on base; Wichita 0 - Santa Fe 0
BOTTOM OF THE 1ST
Santa Fe Diablos batting - Pitching for Wichita Wranglers : LHP Jeff Sandusky
Pitching: LHP Jeff Sandusky
Batting: SHB Pancho Vásquez 0-0: Ground out 6-3 (Groundball, 6)
Batting: SHB George Adams 0-0: Foul Ball, location: 2F
0-1: Ball
1-1: Foul Ball, location: 2F
1-2: Ball
2-2: Foul Ball, location: 2F
2-2: SINGLE (Groundball, 6D)
Batting: RHB Ray Ervin 0-0: Swinging Strike
0-1: Foul Ball, location: 2F
0-2: Ball
1-2: Foul Ball, location: 2F
1-2: Strikes out swinging
Batting: RHB John Dinkins 0-0: Called Strike
0-1: Ball
1-1: Foul Ball, location: 2F
1-2: Strikes out swinging
Bottom of the 1st over - 0 run(s), 1 hit(s), 0 error(s), 1 left on base; Wichita 0 - Santa Fe 0
TOP OF THE 2ND
Wichita Wranglers batting - Pitching for Santa Fe Diablos : LHP Dan O'Brien
Batting: RHB Félix Gonzáles 0-0: Called Strike
0-1: Ball
1-1: Ball
2-1: Called Strike
2-2: Strikes out looking
Batting: LHB Milo Powers 0-0: Called Strike
0-1: Swinging Strike
0-2: Foul Ball, location: 2F
0-2: Fly out, F6 (Line Drive, 6)
Batting: LHB Richard Hinkle 0-0: Foul Ball, location: 2F
0-1: Ball
1-1: Foul Ball, location: 2F
1-2: Foul Ball, location: 2F
1-2: Ball
2-2: Ball
3-2: Foul Ball, location: 2F
3-2: Reached on error, E3 (Groundball, 3)
Batting: SHB Juan Glaviz 0-0: Called Strike
0-1: Ball
1-1: 2-RUN HOME RUN (Flyball, 7D), Distance : 363 ft
Batting: RHB José López 0-0: Foul Ball, location: 2F
0-1: Ball
1-1: Ball
2-1: SOLO HOME RUN (Flyball, 8RXD), Distance : 416 ft
Batting: RHB Jesús Ramos 0-0: SINGLE (Flyball, 7LM)
Batting: RHB Gabriel Erwin 0-0: Ground out 1-3 (Groundball, 13)
Top of the 2nd over - 3 run(s), 3 hit(s), 1 error(s), 1 left on base; Wichita 3 - Santa Fe 0
BOTTOM OF THE 2ND
Santa Fe Diablos batting - Pitching for Wichita Wranglers : LHP Jeff Sandusky
Batting: LHB John Bond 0-0: Ball
1-0: Ball
2-0: Called Strike
2-1: Foul Ball, location: 2F
2-2: SOLO HOME RUN (Flyball, 89XD), Distance : 406 ft
Batting: LHB David Hernández 0-0: Called Strike
0-1: Foul Ball, location: 2F
0-2: Ball
1-2: Strikes out swinging
Batting: LHB Javier Martínez 0-0: Called Strike
0-1: Swinging Strike
0-2: Foul Ball, location: 2F
0-2: Ball
1-2: Ball
2-2: Foul Ball, location: 2F
2-2: Ball
3-2: Strikes out looking
Batting: SHB Ángel Díaz 0-0: Called Strike
0-1: Ball
1-1: Called Strike
1-2: Ball
2-2: Fly out, F7 (Flyball, 7S)
Bottom of the 2nd over - 1 run(s), 1 hit(s), 0 error(s), 0 left on base; Wichita 3 - Santa Fe 1
TOP OF THE 3RD
Wichita Wranglers batting - Pitching for Santa Fe Diablos : LHP Dan O'Brien
Batting: SHB José López 0-0: Ball
1-0: Swinging Strike
1-1: Foul Ball, location: 2F
1-2: Foul Ball, location: 2F
1-2: SOLO HOME RUN (Line Drive, 7D), Distance : 365 ft
Batting: RHB Hubert MacDonald 0-0: Ball
1-0: Ground out 1-3 (Groundball, 13S)
Batting: RHB Félix Gonzáles 0-0: Called Strike
0-1: Ball
1-1: Ball
2-1: Swinging Strike
2-2: Ball
3-2: Foul Ball, location: 2F
3-2: Foul Ball, location: 2F
3-2: Base on Balls
Batting: LHB Milo Powers 0-0: Swinging Strike
0-1: Swinging Strike
0-2: Ball
1-2: Strikes out looking
Batting: LHB Richard Hinkle 0-0: Ball
1-0: Ball
2-0: Called Strike
2-1: Swinging Strike
2-2: Foul Ball, location: 2F
2-2: Strikes out swinging
Top of the 3rd over - 1 run(s), 1 hit(s), 0 error(s), 1 left on base; Wichita 4 - Santa Fe 1
BOTTOM OF THE 3RD
Santa Fe Diablos batting - Pitching for Wichita Wranglers : LHP Jeff Sandusky
Batting: LHB David Taylor 0-0: Ball
1-0: Foul Ball, location: 2F
1-1: Fly out, F3 (Popup, 3D)
Batting: SHB Pancho Vásquez 0-0: Foul Ball, location: 2F
0-1: Ground out 5-3 (Groundball, 5S)
Batting: SHB George Adams 0-0: Called Strike
0-1: Foul Ball, location: 2F
0-2: Ball
1-2: Ground out 6-3 (Groundball, 6)
Bottom of the 3rd over - 0 run(s), 0 hit(s), 0 error(s), 0 left on base; Wichita 4 - Santa Fe 1
TOP OF THE 4TH
Wichita Wranglers batting - Pitching for Santa Fe Diablos : LHP Dan O'Brien
Batting: SHB Juan Glaviz 0-0: Called Strike
0-1: Called Strike
0-2: Strikes out looking
Batting: RHB José López 0-0: Called Strike
0-1: Ground out 5-3 (Groundball, 56S)
Batting: RHB Jesús Ramos 0-0: Ball
1-0: Foul Ball, location: 2F
1-1: Ball
2-1: DOUBLE (Groundball, 5L)
Batting: RHB Gabriel Erwin 0-0: Called Strike
0-1: Ball
1-1: 2-RUN HOME RUN (Flyball, 7LD), Distance : 320 ft
Batting: SHB José López 0-0: Fly out, F4 (Line Drive, 4)
Top of the 4th over - 2 run(s), 2 hit(s), 0 error(s), 0 left on base; Wichita 6 - Santa Fe 1
BOTTOM OF THE 4TH
Santa Fe Diablos batting - Pitching for Wichita Wranglers : LHP Jeff Sandusky
Batting: RHB Ray Ervin 0-0: Ball
1-0: Ball
2-0: Called Strike
2-1: Reached via error on a dropped throw, E3
Batting: RHB John Dinkins 0-0: Called Strike
0-1: Ball
1-1: Fly out, F8 (Flyball, 89M)
Batting: LHB John Bond 0-0: Called Strike
0-1: Fly out, F8 (Flyball, 8LD)
Batting: LHB David Hernández 0-0: Foul Ball, location: 2F
0-1: Foul Ball, location: 2F
0-2: Ball
1-2: Foul Ball, location: 2F
1-2: SINGLE (Groundball, 4MS) (infield hit)
Ray Ervin to second
Batting: LHB Javier Martínez 0-0: Called Strike
0-1: Swinging Strike
0-2: Strikes out swinging
Bottom of the 4th over - 0 run(s), 1 hit(s), 1 error(s), 2 left on base; Wichita 6 - Santa Fe 1
TOP OF THE 5TH
Wichita Wranglers batting - Pitching for Santa Fe Diablos : LHP Dan O'Brien
Pitching: RHP Joe King
Batting: RHB Hubert MacDonald 0-0: Ball
1-0: Ball
2-0: Called Strike
2-1: Ball
3-1: Called Strike
3-2: Strikes out swinging
Batting: RHB Félix Gonzáles 0-0: Swinging Strike
0-1: Ground out 3-1 (Groundball, 34)
Batting: LHB Milo Powers 0-0: Ball
1-0: Swinging Strike
1-1: Fly out, F9 (Line Drive, 9)
Top of the 5th over - 0 run(s), 0 hit(s), 0 error(s), 0 left on base; Wichita 6 - Santa Fe 1
BOTTOM OF THE 5TH
Santa Fe Diablos batting - Pitching for Wichita Wranglers : LHP Jeff Sandusky
Batting: SHB Ángel Díaz 0-0: Ball
1-0: Ball
2-0: Called Strike
2-1: Called Strike
2-2: Strikes out swinging
Batting: LHB David Taylor 0-0: Swinging Strike
0-1: Ball
1-1: Swinging Strike
1-2: Ball
2-2: Strikes out swinging
Batting: SHB Pancho Vásquez 0-0: Ball
1-0: Called Strike
1-1: Ball
2-1: Ball
3-1: Foul Ball, location: 2F
3-2: Base on Balls
Batting: SHB George Adams 0-0: SINGLE (Groundball, 56D)
Pancho Vásquez to second
Batting: RHB Ray Ervin 0-0: Ball
1-0: Fielders Choice at 2nd, 6-4 (Groundball, 6)
Bottom of the 5th over - 0 run(s), 1 hit(s), 0 error(s), 1 left on base; Wichita 6 - Santa Fe 1
TOP OF THE 6TH
Wichita Wranglers batting - Pitching for Santa Fe Diablos : RHP Joe King
Batting: LHB Richard Hinkle 0-0: Ball
1-0: Ball
2-0: Called Strike
2-1: Called Strike
2-2: Ball
3-2: Strikes out swinging
Batting: SHB Juan Glaviz 0-0: Swinging Strike
0-1: Fly out, F7 (Flyball, 78XD)
Batting: RHB José López 0-0: Ball
1-0: Foul Ball, location: 2F
1-1: Ball
2-1: Ground out 6-3 (Groundball, 56)
Top of the 6th over - 0 run(s), 0 hit(s), 0 error(s), 0 left on base; Wichita 6 - Santa Fe 1
BOTTOM OF THE 6TH
Santa Fe Diablos batting - Pitching for Wichita Wranglers : LHP Jeff Sandusky
Batting: RHB John Dinkins 0-0: Foul Ball, location: 2F
0-1: Fly out, F5 (Popup, 56S)
Batting: LHB John Bond 0-0: Called Strike
0-1: Swinging Strike
0-2: Ball
1-2: Strikes out swinging
Batting: LHB David Hernández 0-0: Ball
1-0: Ball
2-0: Called Strike
2-1: Ball
3-1: Base on Balls
Batting: LHB Javier Martínez 0-0: Ball
1-0: Ball
2-0: Swinging Strike
2-1: Foul Ball, location: 2F
2-2: SINGLE (Line Drive, 89S)
David Hernández to second
Pitching: LHP Jeff Jackson
Batting: SHB Ángel Díaz 0-0: Ball
1-0: Ball
2-0: Fielders Choice at 2nd, 5-4 (Groundball, 5)
Bottom of the 6th over - 0 run(s), 1 hit(s), 0 error(s), 1 left on base; Wichita 6 - Santa Fe 1
TOP OF THE 7TH
Wichita Wranglers batting - Pitching for Santa Fe Diablos : RHP Joe King
Batting: RHB Jesús Ramos 0-0: Ball
1-0: Ball
2-0: Fly out, F7 (Flyball, 7LMF)
Batting: RHB Gabriel Erwin 0-0: Ball
1-0: Ball
2-0: Ball
3-0: Called Strike
3-1: Called Strike
3-2: Base on Balls
Batting: SHB José López 0-0: Ball
Gabriel Erwin is caught stealing 2nd base
1-0: Ball
2-0: Called Strike
2-1: Fly out, F6 (Popup, 6D)
Top of the 7th over - 0 run(s), 0 hit(s), 0 error(s), 0 left on base; Wichita 6 - Santa Fe 1
BOTTOM OF THE 7TH
Santa Fe Diablos batting - Pitching for Wichita Wranglers : LHP Jeff Jackson
Batting: LHB David Taylor 0-0: Called Strike
0-1: Foul Ball, location: 2F
0-2: Ball
1-2: Strikes out swinging
Batting: SHB Pancho Vásquez 0-0: Ball
1-0: Foul Ball, location: 2F
1-1: Ball
2-1: Ball
3-1: Foul Ball, location: 2F
3-2: Reached on error, E7 (Line Drive, 7)
Batting: SHB George Adams 0-0: Called Strike
Throwing error on steal attempt, E2
Pancho Vásquez scores
0-1: Foul Ball, location: 2F
0-2: Ground out 6-3 (Groundball, 6S)
Batting: RHB Ray Ervin 0-0: Ball
1-0: DOUBLE (Line Drive, 7)
Batting: RHB John Dinkins 0-0: Fly out, F8 (Line Drive, 8RM)
Bottom of the 7th over - 1 run(s), 1 hit(s), 2 error(s), 1 left on base; Wichita 6 - Santa Fe 2
TOP OF THE 8TH
Wichita Wranglers batting - Pitching for Santa Fe Diablos : RHP Joe King
Batting: RHB Hubert MacDonald 0-0: Ball
1-0: Ball
2-0: Called Strike
2-1: Fly out, F8 (Flyball, 8RS)
Batting: RHB Félix Gonzáles 0-0: Foul Ball, location: 2F
0-1: Ball
1-1: Called Strike
1-2: Ball
2-2: Ball
3-2: Base on Balls
Batting: LHB Milo Powers 0-0: Ball
1-0: Ball
2-0: Ball
3-0: Called Strike
3-1: Grounds into double play, 6-4-3 (Groundball, 6M)
Top of the 8th over - 0 run(s), 0 hit(s), 0 error(s), 0 left on base; Wichita 6 - Santa Fe 2
BOTTOM OF THE 8TH
Santa Fe Diablos batting - Pitching for Wichita Wranglers : LHP Jeff Jackson
Batting: LHB John Bond 0-0: Ball
1-0: Foul Ball, location: 2F
1-1: Foul Ball, location: 2F
1-2: Ball
2-2: Ground out 4-3 (Groundball, 4)
Batting: LHB David Hernández 0-0: Ball
1-0: Ball
2-0: Called Strike
2-1: Foul Ball, location: 2F
2-2: Fly out, F7 (Flyball, 7S)
Batting: LHB Javier Martínez 0-0: Called Strike
0-1: Foul Ball, location: 2F
0-2: Foul Ball, location: 2F
0-2: Strikes out swinging
Bottom of the 8th over - 0 run(s), 0 hit(s), 0 error(s), 0 left on base; Wichita 6 - Santa Fe 2
TOP OF THE 9TH
Wichita Wranglers batting - Pitching for Santa Fe Diablos : RHP Joe King
Pitching: RHP Tomás Rodríguez
Batting: LHB Richard Hinkle 0-0: Called Strike
0-1: Ball
1-1: Swinging Strike
1-2: Ball
2-2: Foul Ball, location: 2F
2-2: Ground out 4-3 (Groundball, 4)
Batting: SHB Juan Glaviz 0-0: Ball
1-0: Ball
2-0: Ball
3-0: Base on Balls
Batting: RHB José López 0-0: Called Strike
0-1: Ball
1-1: Ball
Wild Pitch!
Juan Glaviz to second
2-1: Ball
3-1: Called Strike
3-2: Strikes out swinging
Batting: RHB Jesús Ramos 0-0: Ball
1-0: Ball
2-0: Swinging Strike
2-1: Ground out 6-3 (Groundball, 6)
Top of the 9th over - 0 run(s), 0 hit(s), 0 error(s), 1 left on base; Wichita 6 - Santa Fe 2
BOTTOM OF THE 9TH
Santa Fe Diablos batting - Pitching for Wichita Wranglers : LHP Jeff Jackson
Batting: SHB Ángel Díaz 0-0: Called Strike
0-1: Called Strike
0-2: Ball
1-2: Ground out 6-3 (Groundball, 56)
Batting: LHB David Taylor 0-0: Fly out, F8 (Flyball, 8LM)
Batting: SHB Pancho Vásquez 0-0: Ground out 4-3 (Groundball, 4)
Bottom of the 9th over - 0 run(s), 0 hit(s), 0 error(s), 0 left on base; Wichita 6 - Santa Fe 2
Tuesday, August 8th, 2017 - OOTP Baseball 17.12 Build 75